 Dungeon Crawl Stone Soup version 0.31-a0-202-g547052bce9 (webtiles) character file.

Game seed: 1002990161683678884

37 qw the Shooter (level 3, 0/20 HPs)
             Began as a Deep Elf Hunter on June 26, 2023.
             Slain by a goblin
             ... wielding a +0 dagger of venom
             ... led by Robin
              (3 damage)
             ... on level 2 of the Dungeon.
             The game lasted 00:00:18 (880 turns).

qw the Shooter (Deep Elf Hunter)                     Turns: 880, Time: 00:00:18

Health: 0/20       AC:  3    Str: 10    XL:     3   Next: 23%
Magic:  5/5        EV: 17    Int: 13    God:
Gold:   55         SH:  0    Dex: 18    Spells: 2/2 levels left

rFire   . . .        Y - +0 shortbow
rCold   . . .        (shield currently unavailable)
rNeg    . . .        c - +0 leather armour
rPois   .            (no helmet)
rElec   .            (no cloak)
rCorr   .            (no gloves)
SInv    .            (no boots)
Will    +....        (no amulet)
Stlth   ++           j - +5 ring of evasion
HPRegen 0.23/turn    (no ring)
MPRegen 0.09/turn

%: no passive effects
@: lethally poisoned (0 -> -11), enlightened
A: no striking features
a: no special abilities


You were on level 2 of the Dungeon.
You visited 1 branch of the dungeon, and saw 2 of its levels.

You collected 55 gold pieces.


   Skills:
 - Level 1.5 Fighting
 + Level 6.8 Ranged Weapons
 - Level 2.4 Dodging
 - Level 1.2 Stealth


You had 2 spell levels left.
You didn't know any spells.
Your spell library was empty.

Inventory:

Hand Weapons
 Y - a +0 shortbow (weapon)
Armour
 a - a +2 hat
 c - a +0 leather armour (worn)
Jewellery
 i - a ring of fire
 j - a +5 ring of evasion (left hand)
Scrolls
 h - a scroll of identify
Potions
 d - a potion of enlightenment
 f - a potion of heal wounds
 k - a potion of brilliance {unknown}
 l - a potion of attraction {unknown}
 m - a potion of haste {unknown}

Dungeon Overview and Level Annotations

Branches:
Dungeon (2/15)

Altars:

Annotations:
D:2 Robin


Message History

You shoot an arrow. The arrow hits the goblin!
You kill the goblin!
You are starting to lose your buoyancy.
Robin roars a battlecry!
The goblins go into a battle-frenzy!
The goblin closely misses you.
You shoot an arrow. The arrow hits the goblin!
You kill the goblin!
Robin throws the goblin at you! The goblin hits you but does no damage.
You shoot an arrow. The arrow hits the hobgoblin!
You kill the hobgoblin!
The goblin barely misses you. Robin throws the goblin at you!
You shoot an arrow. The arrow barely misses the goblin.
The arrow hits the goblin!
You kill the goblin!
The goblin completely misses you.
Robin's bangles clink loudly.
The goblin hits you with a +0 dagger.
You shoot an arrow.
The arrow hits the goblin but does no damage.
The goblin hits you with a +0 dagger of venom.
The goblin hits you but does no damage.
You shoot an arrow.
The arrow hits the goblin but does no damage.
The goblin misses you. The goblin closely misses you.
You shoot an arrow. The arrow hits the goblin.
The goblin is severely wounded.
The goblin hits you with a +0 dagger of venom.
You are lethally poisoned!
The goblin barely misses you.
The goblin hits you with a +0 dagger of venom.
You are more poisoned.
The goblin hits you with a +0 dagger.
You shoot an arrow. The arrow closely misses the goblin.
The arrow hits the quokka.
You kill the quokka!
You float gracefully downwards.
You feel very sick.
The goblin hits you with a +0 dagger of venom.
You die...

#.#
#.#
#.#
#.#
#.#
#.#
#.#
#g#
#@#
#g#
#)#
#J#
#S#
)g.
...
...


You could see Robin, an adder, an endoplasm and 2 goblins.

Vanquished Creatures
  3 dart slugs
  2 endoplasms (D:1)
  A giant cockroach (D:1)
  8 goblins
  3 hobgoblins
  3 quokkas
  2 ball pythons (D:1)
  3 bats (D:1)
  2 frilled lizards (D:1)
  A kobold (D:1)
  2 rats (D:1)
30 creatures vanquished.

Notes
Turn   | Place    | Note
-------+----------+-------------------------------------------
     0 | D:1      | qw the Deep Elf Hunter began the quest for the Orb.
     0 | D:1      | Reached XP level 1. HP: 12/12 MP: 3/3
     0 | D:1      | 0 ||| qw: Version: 0.3-a-22-g0ed2b0b
     0 | D:1      | 0 ||| qw: Game counter: 5864
     0 | D:1      | 0 ||| qw: Melee chars always use a shield: true
     0 | D:1      | 0 ||| qw: God list: Okawaru
     0 | D:1      | 0 ||| qw: Allow faded altars: false
     0 | D:1      | 0 ||| qw: Do Orc after clearing Dungeon:15 true
     0 | D:1      | 0 ||| qw: Do second Lair branch before Depths: true
     0 | D:1      | 0 ||| qw: Lair rune preference: random
     0 | D:1      | 0 ||| qw: Goals: Normal
     0 | D:1      | 0 ||| PLANNING D:1-11
   208 | D:1      | Reached skill level 6 in Ranged Weapons
   208 | D:1      | Reached XP level 2. HP: 16/16 MP: 4/4
   818 | D:1      | 818 ||| UPGRADING to +5 ring of evasion.
   819 | D:1      | 819 ||| READING scroll labelled SADOHO FAMI.
   824 | D:1      | 824 ||| READING 3 scrolls labelled ACOATS PUGO.
   825 | D:1      | 825 ||| DRINKING 2 emerald potions.
   826 | D:1      | 826 ||| DRINKING 2 coppery potions.
   827 | D:1      | 827 ||| READING 2 scrolls of identify.
   827 | D:1      | 827 ||| IDENTIFYING sapphire potion
   828 | D:1      | 828 ||| DROPPING scroll of butterflies.
   829 | D:1      | 829 ||| DROPPING potion of magic.
   868 | D:2      | Reached XP level 3. HP: 20/20 MP: 5/5
   869 | D:2      | Noticed Robin
   880 | D:2      | HP: 3/20 [poisoned by a goblin]
   880 | D:2      | Slain by a goblin

Levels and vault maps discovered:
D:1:      dpeg_arrival_prison, layout_basic
D:2:      layout_basic, basic_altar, serial_shops, nicolae_shop_tiny_waterfront,
          uniq_robin, uniq_natasha

Skill      XL: |  1 |
---------------+----+-----
Ranged Weapons | 6 |  6.8
Fighting       | |  1.5
Dodging        | |  2.4
Stealth        | |  1.2

Action                     || total
---------------------------++-------
   Fire: Shortbow          ||    65
    Use: Scroll            ||     3
         Potion            ||     2
 Armour: Leather armour    ||     4
  Dodge: Dodged            ||     8

Table legend:
 A = Non-vault XP
 B = Vault XP
 C = Vault XP percentage of total XP
 D = Non-vault monster count
 E = Vault monster count
 F = Vault count percentage of total count
                 A         B        C        D         E       F
            +---------+---------+-------+---------+---------+-------
      Total |      40 |      16 |  28.6 |      22 |       8 |  26.7
            +---------+---------+-------+---------+---------+-------
        D:1 |      34 |       0 |   0.0 |      20 |       0 |   0.0
        D:2 |       6 |      16 |  72.7 |       2 |       8 |  80.0
            +---------+---------+-------+---------+---------+-------
